 Dungeon Sprint DCSS version 0.28-a0-224-g76b539d98b (webtiles) character file.

Game seed: 840908894733301247

3 MikeHunt the Skirmisher (level 1, 0/19 HPs)
             Began as a Palentonga Abyssal Knight on Aug 21, 2021.
             Was a Believer of Lugonu.
             Slain by a warg (13 damage)
             ... in the Dungeon (Sprint VII: "The Pits").
             The game lasted 00:00:46 (79 turns).

MikeHunt the Skirmisher (Palentonga Abyssal Knight)   Turns: 79, Time: 00:00:46

Health: 0/19       AC:  4    Str: 15    XL:     1   Next: 41%
Magic:  3/3        EV:  9    Int: 12    God:    Lugonu [**....]
Gold:   0          SH:  0    Dex:  9    Spells: 0/0 levels left

rFire   . . .      SeeInvis +   i - +2 falchion
rCold   . . .      Faith    .   (no shield)
rNeg    . . .      Spirit   .   b - +0 leather armour
rPois   .          Reflect  .   (no helmet)
rElec   .          Harm     .   (no cloak)
rCorr   .          Rampage  .   (no gloves)
Will    .....      NoTele   +   (no barding)
Stlth   +.........              (no amulet)
HPRegen 0.06/turn               (no ring)
MPRegen 0.08/turn               (no ring)

@: no status effects
A: large, rugged brown scales 3, see invisible, deformed body, roll 1, armoured
tail
a: Rolling Charge, Renounce Religion, Bend Space


You were in the Dungeon.
You worshipped Lugonu.
Lugonu was pleased with you.
You visited 1 branch

Inventory:

Hand Weapons
 a - a +1 falchion
 i - a +2 falchion (weapon)
Armour
 b - a +0 leather armour (worn)
Scrolls
 h - a scroll of blinking
 k - a scroll of summoning
Potions
 c - a potion of curing
 d - a potion of heal wounds
 e - a potion of haste
 f - 4 potions of magic
 g - 3 potions of berserk rage
 j - 2 potions of invisibility


   Skills:
 - Level 3.0 Fighting
 + Level 2.9 Long Blades
 - Level 1.5 Armour
 - Level 0.7 Dodging
 + Level 3.0 Invocations


You couldn't memorise any spells.
You didn't know any spells.
Your spell library was empty.

Dungeon Overview and Level Annotations

Branches:
Dungeon (1/1)

Altars:
Cheibriados
Dithmenos
Elyvilon
Fedhas
Gozag
Hepliaklqana
Makhleb
Nemelex Xobeh
Okawaru
Qazlal
Ru
Sif Muna
Trog
Vehumet
Wu Jian
Xom
Yredelemnul
Zin
The Shining One
Beogh
Jiyva
Lugonu


Innate Abilities, Weirdness & Mutations

You are completely covered in rugged brown scales. (AC +3, +7% HP)
You have supernaturally acute eyesight. (SInv)
Armour fits poorly on your strangely shaped body.
You can roll at nearby foes to attack.
You have a long armoured tail.


Message History

There is an open door here.
You closely miss the quokka.
The quokka bites you but does no damage.
Your leather armour prevents you from hitting the quokka.
The quokka barely misses you.
The quokka bites you but does no damage.
You hit the rat.
You kill the rat!
Lugonu accepts your kill.
You can now bend space around yourself.
The quokka bites you but does no damage.
You closely miss the quokka. You tail-slap the quokka.
The quokka is lightly wounded.
The quokka bites you but does no damage. x2
You barely miss the quokka.
The quokka is lightly wounded.
The quokka closely misses you.
You hit the quokka.
You kill the quokka!
Lugonu accepts your kill.
Your Invocations skill increases to level 3!
No target in view!
No target in view!
You open the door.
There is an open door here.
Magic restored.
You open the door.
A warg comes into view.
Roll where?
Press: ? - help, Dir - move target, f - warg
Aim: a warg You roll forward with a clatter of scales!
You hit the warg.
The warg is lightly wounded.
The warg bites you.
You hit the warg.
You tail-slap the warg, but do no damage.
The warg is moderately wounded.
The warg bites you!
Ouch! That really hurt!
You die...

#'#####†#####.....
#.#.....# #.....
#.#.....# ####'#
#.###+### #.....
#.# #..... #.#
#..... #.# #...<.
#°# #..... #@#
#..... #h# #.....
#.. ###### #...
#...# #..## #...
#...


You could see a warg.

Vanquished Creatures
  A goblin (D)
  A quokka (D)
  A rat (D)
3 creatures vanquished.

Notes
Turn   | Place    | Note
-------+----------+-------------------------------------------
     0 | D        | MikeHunt the Palentonga Abyssal Knight began the quest for
                  | the Orb.
     0 | D        | Reached XP level 1. HP: 19/19 MP: 2/2
    27 | D        | Found a glowing golden altar of the Shining One.
    27 | D        | Found a glowing silver altar of Zin.
    27 | D        | Found a basalt altar of Yredelemnul.
    27 | D        | Found a shimmering altar of Xom.
    27 | D        | Found an ornate altar of the Wu Jian Council.
    27 | D        | Found a bloodstained altar of Trog.
    27 | D        | Found a shimmering blue altar of Sif Muna.
    27 | D        | Found a sacrificial altar of Ru.
    27 | D        | Found a stormy altar of Qazlal.
    27 | D        | Found an iron altar of Okawaru.
    27 | D        | Found a sparkling altar of Nemelex Xobeh.
    27 | D        | Found a burning altar of Makhleb.
    27 | D        | Found a viscous altar of Jiyva.
    27 | D        | Found a hazy altar of Hepliaklqana.
    27 | D        | Found an opulent altar of Gozag.
    27 | D        | Found a blossoming altar of Fedhas.
    27 | D        | Found a white marble altar of Elyvilon.
    27 | D        | Found a shadowy altar of Dithmenos.
    27 | D        | Found a snail-covered altar of Cheibriados.
    28 | D        | Found a radiant altar of Vehumet.
    28 | D        | Found a corrupted altar of Lugonu.
    57 | D        | Reached ** piety under Lugonu
    76 | D        | Noticed a warg
    79 | D        | Slain by a warg

Illustrated notes

Levels and vault maps discovered:
D:        pitsprint [storerooms_1, entrance_room_1, metal_vault_1, armoury_1,
          mini_pit_1, grid_room_1, main_hall_1, silver_pit, the_coven_2,
          the_vestibule_1, steel_vault_1, golden_pit, hallway_of_sentries,
          crystal_vault_2, iron_vault_3, final_vault]

Skill      XL: |  1 |
---------------+----+-----
Invocations    | 3 |  3.0
Fighting       | |  3.0
Long Blades    | |  2.9
Armour         | |  1.5
Dodging        | |  0.7

Action                   || total
-------------------------++-------
Melee: Falchion          ||    10
       Tailslap          ||     2
 Abil: Rolling Charge    ||     1
Armor: Leather armour    ||     5
Dodge: Dodged            ||     4
       Rpst.: Falchion   ||     1

Table legend: (Time is in decaauts)
 A = Elapsed time spent in this place.
 B = Non-inter-level travel time spent in this place.
 C = Inter-level travel time spent in this place.
 D = Time resting spent in this place.
 E = Time spent auto-exploring this place.
 F = Levels seen in this place.
 G = Mean time per level.
                   A        B        C        D        E       F      G
               +--------+--------+--------+--------+--------+-----+--------+
         Total |     80 |     80 |      0 |      0 |      0 |   1 |   80.0 |
       Dungeon |     80 |     80 |      0 |      0 |      0 |   1 |   80.0 |
               +--------+--------+--------+--------+--------+-----+--------+

Top non-repeatable levels by time:
       D: 80 daAuts
